 Dungeon Crawl Stone Soup version 0.31-a0-370-g25055926c8 (webtiles) character file.

Game seed: 1705249875898326572

421 AdnanSaban the Covered (level 6, -6/39 HPs)
             Began as a Gargoyle Fighter on July 29, 2023.
             Mangled by a hornet (9 damage)
             ... on level 4 of the Dungeon.
             The game lasted 00:03:45 (2364 turns).

AdnanSaban the Covered (Gargoyle Fighter)           Turns: 2364, Time: 00:03:45

Health: -6/39      AC: 23    Str: 28    XL:     6   Next: 94%
Magic:  6/6        EV:  7    Int:  8    God:
Gold:   195        SH:  4    Dex:  9    Spells: 5/5 levels left

rFire   . . .        b - +0 flail (protect)
rCold   . . .        c - +0 buckler
rNeg    + . .        i - +0 plate armour
rPois   ∞            (no helmet)
rElec   +            (no cloak)
rCorr   .            (no gloves)
SInv    .            (no boots)
Will    .....        (no amulet) Stlth
                     j - +6 ring of strength
HPRegen 0.26/turn    (no ring)
MPRegen 0.10/turn

%: no passive effects
@: under a protective aura
A: sickness immunity, AC +4, negative energy resistance 1, electricity
resistance, torment resistance 1, petrification resistance
a: no special abilities


You were on level 4 of the Dungeon.
You visited 2 branches of the dungeon, and saw 5 of its levels.

You collected 195 gold pieces.

Inventory:

Hand Weapons
 b - a +0 flail of protection (weapon)
Missiles
 a - 5 boomerangs
 m - 32 stones (quivered)
Armour
 c - a +0 buckler (worn)
 i - a +0 plate armour (worn)
Jewellery
 j - a +6 ring of strength (left hand)
 q - a ring of ice
Scrolls
 e - a scroll of immolation {unknown}
 g - 3 scrolls of blinking {unknown}
 h - a scroll of enchant weapon {unknown}
 l - 3 scrolls of enchant armour {unknown}
 n - a scroll of revelation {unknown}
 p - 2 scrolls of fog {unknown}
 t - a scroll of fear {unknown}
Potions
 d - 2 potions of might
 f - 3 potions of heal wounds {unknown}
 k - 3 potions of curing
 o - a potion of haste {unknown}
 r - a potion of enlightenment {unknown}
 s - a potion of degeneration {unknown}


   Skills:
 + Level 4.5 Fighting
 + Level 4.9 Maces & Flails
 + Level 5.1 Armour
 + Level 0.3 Dodging
 + Level 4.0 Shields


You had 5 spell levels left.
You didn't know any spells.
Your spell library contained the following spells:

 Spells                   Type           Power      Damage    Failure   Level
 Sandblast                Erth           0%         2d4       99%         1
 Passwall                 Tmut/Erth      0%         N/A       100%        2
 Ozocubu's Armour         Ice            0%         N/A       100%        3
 Stone Arrow              Conj/Erth      0%         3d7       100%        3
 Ozocubu's Refrigeration  Ice            0%         4d7       100%        7


Dungeon Overview and Level Annotations

Branches:
Dungeon (4/15)             Temple (1/1) D:4

Altars:
Ashenzari
Cheibriados
Elyvilon
Hepliaklqana
Trog
Vehumet
Wu Jian
Xom
Yredelemnul
Zin

Annotations:
D:4 Dowan, Duvessa


Innate Abilities, Weirdness & Mutations

You are immune to sickness and miasma.
Your stone body is resilient. (AC +4)
You are immune to poison.
You resist negative energy. (rN+)
You are resistant to electric shocks. (rElec)
You are resistant to unholy torment.
You are immune to petrification.


Message History

You are too injured to fight recklessly!
You are too injured to fight recklessly!
You are too injured to fight recklessly!
You are too injured to fight recklessly!
You are too injured to fight recklessly!
You are too injured to fight recklessly!
You are too injured to fight recklessly!
You are too injured to fight recklessly!
You are too injured to fight recklessly!
You are too injured to fight recklessly!
You are too injured to fight recklessly!
You closely miss the hornet.
The hornet is moderately wounded.
The hornet stings you but does no damage. x2
You closely miss the hornet.
The hornet is moderately wounded.
You block the hornet's attack. The hornet stings you!
* * * LOW HITPOINT WARNING * * *
You sock the hornet!
Your weapon exudes an aura of protection.
The hornet is heavily wounded.
The hornet stings you but does no damage. x2
You closely miss the hornet.
The hornet is heavily wounded.
The hornet stings you but does no damage.
You closely miss the hornet.
The hornet is heavily wounded.
You block the hornet's attack. x2
You miss the hornet.
The hornet is heavily wounded.
The hornet barely misses you. You block the hornet's attack.
You barely miss the hornet.
The hornet is heavily wounded.
The hornet stings you but does no damage.
The hornet closely misses you.
You hit the hornet.
Your weapon exudes an aura of protection.
The hornet is severely wounded.
The hornet closely misses you. The hornet stings you!
You die...

#..##.#### .........# !........#
#####..########### .####..##
......## ........# #.....#
........# #.....# ........#
+..y..# ###...##### ###@# #
###...###.###.##'##..#..
.#.........#...#<.....#
.#.........'...#......+ ..#
.#......>..#...#......# ..#
###...##..## .###...### ..# ##
###...##..#######...###+###..##..
........................+........
.................................


You could see a hornet.

Vanquished Creatures
  The ghost of Morbidden the Changeling, an amateur FoSh of Cheibriados (D:3)
  Blork the orc (D:4)
  The ghost of AdnanSaban the Trooper, a weakling GrFi (D:3)
  An orc priest (D:3)
  An orc wizard (D:3)
  Natasha (thrice) (D:3)
  A mummy (D:3)
  4 gnolls (D:3)
  2 dart slugs
  3 orcs (D:3)
  4 ball pythons
  5 endoplasms
  2 giant cockroaches
  5 goblins
  2 hobgoblins
  2 jackals (D:2)
  3 kobolds
  3 quokkas
  3 bats
  5 frilled lizards
  4 rats
56 creatures vanquished.

Notes
Turn   | Place    | Note
-------+----------+-------------------------------------------
     0 | D:1      | AdnanSaban the Gargoyle Fighter began the quest for the
                  | Orb.
     0 | D:1      | Reached XP level 1. HP: 14/14 MP: 1/1
   182 | D:1      | Reached XP level 2. HP: 19/19 MP: 2/2
   641 | D:2      | Reached XP level 3. HP: 24/24 MP: 3/3
  1056 | D:3      | Found a snail-covered altar of Cheibriados.
  1086 | D:3      | Reached XP level 4. HP: 27/29 MP: 4/4
  1099 | D:3      | Reached skill level 4 in Armour
  1238 | D:3      | Reached XP level 5. HP: 26/33 MP: 5/5
  1358 | D:3      | Noticed Natasha
  1363 | D:3      | Killed Natasha
  1381 | D:3      | Noticed Natasha
  1388 | D:3      | Killed Natasha
  1454 | D:3      | Noticed Natasha
  1466 | D:3      | Killed Natasha
  1467 | D:3      | Reached XP level 6. HP: 39/39 MP: 6/6
  1493 | D:3      | Found a runed translucent gate.
  1493 | D:3      | Found a runed translucent gate.
  1493 | D:3      | Found a runed translucent gate.
  1494 | D:3      | Noticed Morbidden's ghost (amateur FoSh)
  1495 | D:3      | Noticed AdnanSaban's ghost (weakling GrFi)
  1904 | D:3      | Killed Morbidden's ghost
  1911 | D:3      | Killed AdnanSaban's ghost
  2104 | D:4      | Found a staircase to the Ecumenical Temple.
  2104 | D:4      | Noticed Blork the orc
  2116 | D:4      | Killed Blork the orc
  2117 | D:4      | Reached skill level 5 in Armour
  2128 | Temple   | Entered the Ecumenical Temple
  2300 | D:4      | Noticed Duvessa
  2300 | D:4      | Noticed Dowan
  2350 | D:4      | Noticed a hornet
  2358 | D:4      | HP: 1/39 [hornet (12)]
  2364 | D:4      | Mangled by a hornet

Illustrated notes

Levels and vault maps discovered:
D:1:      amcnicky_arrival_feature_with_door, layout_rooms, serial_forest,
          infiniplex_forest_clump_tiny, infiniplex_forest_lined_ring,
          infiniplex_forest_straight_1, infiniplex_forest_clump_small,
          infiniplex_forest_straight_1, infiniplex_forest_clump_curved,
          infiniplex_forest_clump_double, minmay_misc_feat_rugged
D:2:      layout_rooms
D:3:      layout_basic, slow_altar_1, serial_bayou, serial_bayou_pond_c,
          serial_bayou_shore_a, serial_bayou_lagoon_b, serial_bayou_ford_a,
          gammafunk_ghost_cemetery, uniq_natasha
D:4:      layout_gridville, mainiacjoe_overflow_catch_the_wave,
          minmay_temple_entry_grid, portal_sewer_entry_e, serial_shops,
          nicolae_shop_rolling_square, minivault_26, uniq_blork_the_orc,
          uniq_edmund, uniq_duvessa
Temple:   grunt_temple_mini_profane

Skill      XL: |  1  2  3  4  5  6 |
---------------+-------------------+-----
Maces & Flails | 3 4 |  4.9
Armour         | 4 5 |  5.1
Fighting       | 4 |  4.5
Shields        | 4 |  4.0
Dodging        | |  0.3

Action                     |  1- 3 |  4- 6 || total
---------------------------+-------+-------++-------
  Melee: Flail             |   143 |   139 ||   282
  Throw: Stone             |       |     3 ||     3
    Use: Scroll            |     1 |       ||     1
 Armour: Chain mail        |     8 |       ||     8
         Scale mail        |     1 |       ||     1
         Plate armour      |   116 |   104 ||   220
  Dodge: Dodged            |    44 |    39 ||    83
  Block: Buckler           |    26 |    34 ||    60

Table legend: (Time is in decaauts)
 A = Elapsed time spent in this place.
 B = Non-inter-level travel time spent in this place.
 C = Inter-level travel time spent in this place.
 D = Time resting spent in this place.
 E = Time spent auto-exploring this place.
 F = Levels seen in this place.
 G = Mean time per level.
                   A        B        C        D        E       F      G
               +--------+--------+--------+--------+--------+-----+--------+
         Total |   2489 |   2231 |    258 |      0 |   1571 |   5 |  497.8 |
       Dungeon |   2487 |   2229 |    258 |      0 |   1571 |   4 |  621.8 |
        Temple |      1 |      1 |      0 |      0 |      0 |   1 |    1.0 |
               +--------+--------+--------+--------+--------+-----+--------+

Top non-repeatable levels by time:
     D:3: 1100 daAuts
     D:1: 627 daAuts
     D:2: 423 daAuts
     D:4: 336 daAuts
  Temple: 1 daAuts
